 Dungeon Crawl Stone Soup version 0.29.1-2-gbd0b4ee654 (console) character file.

Game seed: 6992628880356959506

298 Goreval the Chopper (level 6, 0/51 HPs)
             Began as a Palentonga Berserker on Nov 23, 2022.
             Was a Believer of Trog.
             Slain by a killer bee (7 damage)
             ... on level 7 of the Dungeon.
             The game lasted 00:07:02 (2628 turns).

Goreval the Chopper (Palentonga Berserker)          Turns: 2628, Time: 00:07:02

Health: 0/51       AC: 10    Str: 24    XL:     6   Next: 13%
Magic:  6/6        EV:  4    Int:  8    God:    Trog [**....]
Gold:   163        SH:  3    Dex:  9    Spells: 5/5 levels left

rFire   . . .      SeeInvis +   r - +2 hand axe (freeze)
rCold   . . .      Faith    .   b - +0 buckler
rNeg    . . .      Spirit   .   g - +0 plate armour
rPois   .          Reflect  .   l - +0 helmet
rElec   .          Harm     .   (no cloak)
rCorr   .          Rampage  .   (no gloves)
Will    .....                   (no barding)
Stlth   ..........              m - amulet of the acrobat
HPRegen 0.17/turn               (no ring)
MPRegen 0.10/turn               (no ring)

@: lethally poisoned (0 -> -4), on berserk cooldown, slowed, very slow
A: large, rugged brown scales 3, see invisible, deformed body, roll 1, armoured
tail
a: Rolling Charge, Renounce Religion, Berserk, Trog's Hand


You were on level 7 of the Dungeon.
You worshipped Trog.
Trog was pleased with you.
You visited 1 branch of the dungeon, and saw 5 of its levels.

You collected 163 gold pieces.

Inventory:

Hand Weapons
 r - a +2 hand axe of freezing (weapon)
Missiles
 a - 6 datura-tipped darts
 q - 14 stones (quivered)
Armour
 b - a +0 buckler (worn)
 g - a +0 plate armour (worn)
 l - a +0 helmet (worn)
Jewellery
 m - an amulet of the acrobat (around neck)
Scrolls
 c - a scroll of silence {unknown}
 d - 2 scrolls of enchant weapon {unknown}
 e - a scroll of acquirement {unknown}
 f - a scroll of immolation {unknown}
 h - a scroll of poison {unknown}
 j - 3 scrolls of amnesia {unknown}
 n - a scroll of identify {unknown}
 p - 2 scrolls of teleportation {unknown}
 t - a scroll of vulnerability {unknown}
Potions
 i - a potion of haste {unknown}
 k - a potion of lignification {unknown}
 o - a potion of curing {unknown}
 s - a potion of magic {unknown}


   Skills:
 + Level 3.8 Fighting
 * Level 4.6 Axes
 * Level 3.3 Armour
 - Level 2.0 Dodging
 + Level 1.5 Shields


You had 5 spell levels left.
You didn't know any spells.
Your spell library was empty.

Dungeon Overview and Level Annotations

Branches:
Dungeon (7/15) Zot: 26970
 Temple: D:4-7

Altars:
Dithmenos


Innate Abilities, Weirdness & Mutations

You are completely covered in rugged brown scales. (AC +3, +7% HP)
You have supernaturally acute eyesight. (SInv)
Armour fits poorly on your strangely shaped body.
You can roll at nearby foes to attack.
You have a long armoured tail.


Message History

You kill the killer bee!
Trog accepts your kill.
You closely miss the killer bee.
You feel sick. The killer bee stings you.
You slash the killer bee! You freeze the killer bee.
You kill the killer bee!
Trog accepts your kill.
You feel sick. The killer bee barely misses you.
You have reached level 6!
You hit the killer bee. You freeze the killer bee.
You feel sick.
You are no longer berserk.
You are exhausted.
You feel yourself slow down. The killer bee closely misses you.
The killer bee misses you. x2; The killer bee closely misses you.
Things that are here:
a killer bee corpse; a killer bee corpse You hit the killer bee.
You freeze the killer bee.
Your tail-slap misses the killer bee.
You hit the killer bee. You freeze the killer bee.
You feel sick.
You are no longer poisoned.
The killer bee stings you but does no damage.
The killer bee stings you.
The killer bee stings you but does no damage.
The killer bee stings you. x2; You block the killer bee's attack.
You miss the killer bee.
Your tail-slap misses the killer bee.
You miss the killer bee. The killer bee stings you.
The killer bee stings you but does no damage.
The killer bee completely misses you. The killer bee stings you. x2
You are poisoned.
The killer bee poisons you! The killer bee barely misses you.
The killer bee stings you. You block the killer bee's attack.
You barely miss the killer bee. You closely miss the killer bee.
You feel very sick. The killer bee stings you.
* * * LOW HITPOINT WARNING * * *
The killer bee stings you but does no damage.
You block the killer bee's attack. The killer bee barely misses you.
The killer bee completely misses you. The killer bee barely misses you.
You completely miss the killer bee.
You hit the killer bee but do no damage.
You feel sick.
The killer bee stings you but does no damage.
The killer bee stings you!
You die...

####### #.....#
. #.....# #.
##.....# ..
#......######.#
#...........#.#
#.##.#.####.#.#
##.##...####.#.#
#..y@y..#......#
#..###..#.##.###
#. ...# #.# ..
##.... >.# ##
#..#.#### ..#.#
... #


You could see 2 killer bees.

Vanquished Creatures
  A black bear (D:3)
  3 killer bees (D:7)
  2 adders
  A worm (D:3)
  2 dart slugs (D:1)
  6 orcs (D:3)
  A bat (D:1)
  An endoplasm (D:2)
  5 giant cockroaches
  6 hobgoblins
  4 jackals (D:1)
  6 kobolds
  A quokka (D:1)
  2 ball pythons (D:1)
  2 frilled lizards
  3 goblins
  8 rats
54 creatures vanquished.

Notes
Turn   | Place    | Note
-------+----------+-------------------------------------------
     0 | D:1      | Goreval the Palentonga Berserker began the quest for the
                  | Orb.
     0 | D:1      | Reached XP level 1. HP: 19/19 MP: 1/1
   123 | D:1      | Reached XP level 2. HP: 21/25 MP: 2/2
   847 | D:1      | Reached XP level 3. HP: 31/31 MP: 3/3
  1358 | D:2      | Found a faded altar of an unknown god.
  1875 | D:3      | Noticed a black bear
  2023 | D:3      | Reached XP level 4. HP: 19/37 MP: 4/4
  2211 | D:3      | Killed a black bear
  2212 | D:3      | Reached skill level 4 in Axes
  2212 | D:3      | Reached skill level 1 in Shields
  2212 | D:3      | Reached XP level 5. HP: 39/43 MP: 5/5
  2234 | D:3      | Found a shadowy altar of Dithmenos.
  2260 | D:3      | Reached ** piety under Trog
  2599 | D:4      | You fall into a shaft and drop 3 floors!
  2623 | D:7      | Reached XP level 6. HP: 51/51 MP: 6/6
  2628 | D:7      | Slain by a killer bee

Illustrated notes

Levels and vault maps discovered:
D:1:      erik_arrival_orb_chamber, layout_loops_ring, minmay_rat_gold_closets
D:2:      layout_basic, shapermc_ecumenical_altar_gd
D:3:      layout_rooms, nicolae_dithmenos_the_darkroom
D:4:      layout_loops_ring, bloody_trog, minmay_temple_entry_sparse_star,
          lightli_corner_chamber, uniq_menkaure, uniq_crazy_yiuf_cottage,
          uniq_blork_the_orc
D:7:      layout_loops_cross, nzn_ghost_randoct

Skill      XL: |  1  2  3  4  5 |
---------------+----------------+-----
Armour         | 2 3 |  3.3
Dodging        | 2 |  2.0
Axes           | 4 |  4.6
Shields        | 1 |  1.5
Fighting       | |  3.8

Action                   |  1- 3 |  4- 6 || total
-------------------------+-------+-------++-------
Melee: Hand axe          |   102 |    31 ||   133
       Tailslap          |    12 |     5 ||    17
       Punch             |     1 |       ||     1
Throw: Stone             |    12 |     3 ||    15
Invok: Berserk           |       |     1 ||     1
 Abil: Rolling Charge    |     4 |     1 ||     5
Armor: Plate armour      |    40 |    16 ||    56
       Animal skin       |     7 |       ||     7
Dodge: Dodged            |    35 |    17 ||    52
Block: Buckler           |     5 |     7 ||    12
